 Dungeon Crawl Stone Soup version 0.25-a0-589-g1e14c549ee (webtiles) character file.

Game seed: 8838036197046980257, levelgen mode: deterministic

112 Devinter the Skirmisher (level 4, -1/35 HPs)
             Began as a Demonspawn Skald on Mar 10, 2020.
             Slain by a hound (4 damage)
             ... on level 2 of the Dungeon on Mar 11, 2020.
             The game lasted 00:13:31 (1639 turns).

Devinter the Skirmisher (Demonspawn Skald)          Turns: 1639, Time: 00:13:32

Health: -1/35      AC:  2    Str: 12    XL:     4   Next: 64%
Magic:  3/7        EV: 12    Int: 15    God:
Gold:   83         SH:  0    Dex: 12    Spells: 1/7 levels left

rFire    . . .     SeeInvis .   h - +0 short sword (venom)
rCold    . . .     Gourm    .   (no shield)
rNeg     . . .     Faith    .   f - +0 robe
rPois    .         Spirit   .   (no helmet)
rElec    .         Reflect  .   (no cloak)
rCorr    .         Harm     .   (no gloves)
MR       .....                  (no boots)
Stlth    +++.......             (no amulet)
HPRegen  0.11/turn              (no ring)
MPRegen  0.10/turn              (no ring)

@: very slightly contaminated, hasted, very quick
A: nightstalker 1, powered by pain 1
a: no special abilities


You were on level 2 of the Dungeon.
You were not hungry.

You visited 1 branch of the dungeon, and saw 2 of its levels.

You collected 83 gold pieces.

Inventory:

Hand Weapons
 a - a +0 falchion
 h - a +0 short sword of venom (weapon)
Armour
 b - a +0 leather armour
 f - a +0 robe (worn)
Scrolls
 c - 2 scrolls of enchant armour {unknown}
 e - a scroll of fog {unknown}
 g - 2 scrolls of teleportation {unknown}
 n - 2 scrolls of amnesia {unknown}
Potions
 i - a potion of brilliance {unknown}
 j - a potion of invisibility {unknown}
 k - a potion of lignification {unknown}
Comestibles
 d - a ration
 l - 4 chunks of flesh


   Skills:
 + Level 3.1 Fighting
 - Level 2.0 Long Blades
 - Level 1.0 Armour
 - Level 2.0 Dodging
 + Level 1.8 Stealth
 + Level 2.4 Spellcasting
 - Level 3.0 Charms
 + Level 1.1 Ice Magic


You had one spell level left.
You knew the following spells:

 Your Spells              Type           Power        Failure   Level  Hunger
a - Infusion              Chrm           ##..         6%          1    #......
b - Shroud of Golubria    Chrm/Tloc      #.....       17%         2    ###....
c - Ozocubu's Armour      Chrm/Ice       #.......     26%         3    ###....

Your spell library contained the following spells:

 Spells                   Type           Power        Failure   Level  Hunger
 Song of Slaying          Chrm           ##......     10%         2    ###....
 Spectral Weapon          Hex/Chrm       #.......     34%         3    ###....


Dungeon Overview and Level Annotations

Branches:
Dungeon (2/15)

Altars:
Nemelex Xobeh


Innate Abilities, Weirdness & Mutations

You are slightly more attuned to the shadows.
You sometimes gain a little power by taking damage.


Message History

Throwing (i - inventory)
o - 3 atropa-tipped darts (quivered)
Press: ? - help, Shift-Dir - straight line, f/p - hound
Aim: a hound (chance to blind on hit: 80%)
You throw an atropa-tipped dart.
The atropa-tipped dart closely misses the hound.
Throwing (i - inventory)
o - 2 atropa-tipped darts (quivered)
Press: ? - help, Shift-Dir - straight line, f/p - hound
Aim: a hound (chance to blind on hit: 80%)
You throw an atropa-tipped dart.
The atropa-tipped dart closely misses the hound.
Throwing (i - inventory)
o - an atropa-tipped dart (quivered)
Press: ? - help, Shift-Dir - straight line, f/p - hound
Aim: a hound (chance to blind on hit: 80%)
You throw an atropa-tipped dart.
The atropa-tipped dart closely misses the hound.
The atropa-tipped dart barely misses the hobgoblin.
You miss the hound. The hound misses you.
You aren't carrying any items that you can evoke.
You hit the hound but do no damage. The hound bites you.
You die...

.##########
..........
.h.....>..#
......# #.#
.g..h.# #.#
.†###.# #.# ..#
#.# #.# ..#
#(###.#########
..#
#(.(..g....h@.#
..#
#.##..#######.#
.## #.#.#.# #.#
.# #..##..# #.#
. #.. ..#.# #.#
.# ##. ...##
#.# #.# ## ...#
#.# #.# ## #.#
#.# #..# #.#
#.#


You could see a hound and a hobgoblin.

Vanquished Creatures
  Terence (D:2)
  An adder (D:2)
  6 oozes
  2 dart slugs (D:1)
  3 giant cockroaches (D:1)
  3 goblins (D:1)
  7 hobgoblins
  5 jackals (D:2)
  6 kobolds
  3 bats
  4 frilled lizards
  11 rats (D:1)
52 creatures vanquished.

Notes
Turn   | Place    | Note
-------+----------+-------------------------------------------
     0 | D:1      | Devinter the Demonspawn Skald began the quest for the Orb.
     0 | D:1      | Reached XP level 1. HP: 16/16 MP: 3/3
     1 | D:1      | Found a runed translucent door.
    25 | D:1      | Reached skill level 1 in Armour
   140 | D:1      | Reached skill level 2 in Dodging
   140 | D:1      | Gained mutation: You are slightly more attuned to the
                  | shadows. [demonic ancestry]
   140 | D:1      | Reached XP level 2. HP: 22/22 MP: 5/5
   158 | D:1      | Reached skill level 2 in Long Blades
   186 | D:1      | Learned a level 2 spell: Shroud of Golubria
   430 | D:1      | Reached skill level 3 in Charms
   685 | D:1      | Reached XP level 3. HP: 18/28 MP: 6/6
   695 | D:1      | Learned a level 3 spell: Ozocubu's Armour
   933 | D:1      | Found a sparkling altar of Nemelex Xobeh.
  1069 | D:1      | Reached skill level 1 in Stealth
  1410 | D:2      | Gained mutation: You sometimes gain a little power by
                  | taking damage. [demonic ancestry]
  1410 | D:2      | Reached XP level 4. HP: 32/34 MP: 7/7
  1557 | D:2      | Noticed Terence
  1565 | D:2      | Reached skill level 3 in Fighting
  1573 | D:2      | Killed Terence
  1573 | D:2      | Reached skill level 1 in Ice Magic
  1606 | D:2      | HP: 3/35 [hobgoblin/+0 club (4)]
  1610 | D:2      | HP: 1/35 [hobgoblin/+0 club (3)]
  1639 | D:2      | Slain by a hound

Levels and vault maps discovered:
D:1:      dpeg_arrival_caged_fury, layout_rooms,
          nemelex_xobeh_ov_fountains_minmay
D:2:      layout_loops_ring, minmay_pentomino_pile, uniq_terence

Skill      XL: |  1  2  3  4 |
---------------+-------------+-----
Armour         | 1 |  1.0
Dodging        | 2 |  2.0
Long Blades    | 2 |  2.0
Charms         | 3 |  3.0
Stealth        | 1 |  1.8
Fighting       | 3 |  3.1
Ice Magic      | 1 |  1.1
Spellcasting   | |  2.4

Action                   |  1- 3 |  4- 6 || total
-------------------------+-------+-------++-------
Melee: Falchion          |    38 |       ||    38
       Short sword       |    93 |    36 ||   129
Throw: Dart              |       |     4 ||     4
 Cast: Infusion          |     1 |       ||     1
       Ozocubu's Armour  |       |     1 ||     1
  Use: Potion            |       |     2 ||     2
 Stab: Sleeping          |       |     2 ||     2
  Eat: Chunk             |     2 |     1 ||     3
Armor: Leather armour    |    11 |       ||    11
       Robe              |     8 |     5 ||    13
Dodge: Dodged            |    91 |    17 ||   108
       Rpst.: Falchion   |    17 |       ||    17

Table legend:
 A = Non-vault XP
 B = Vault XP
 C = Vault XP percentage of total XP
 D = Non-vault monster count
 E = Vault monster count
 F = Vault count percentage of total count
                 A         B        C        D         E       F
            +---------+---------+-------+---------+---------+-------
      Total |      75 |      86 |  53.4 |      35 |      17 |  32.7
            +---------+---------+-------+---------+---------+-------
        D:1 |      44 |      45 |  50.6 |      26 |      13 |  33.3
        D:2 |      31 |      41 |  56.9 |       9 |       4 |  30.8
            +---------+---------+-------+---------+---------+-------
